 Dungeon Crawl Stone Soup version 0.31-a0-1223-gfd5aef93c1 (webtiles) character file.

Game seed: 8045593739049717578

29 TheViccler the Chopper (level 3, -9/33 HPs)
             Began as a Hill Orc Berserker on Dec 14, 2023.
             Was a Follower of Trog.
             Mangled by a gnoll
             ... wielding a +0 halberd
              (16 damage)
             ... on level 2 of the Dungeon.
             The game lasted 00:29:35 (1071 turns).

TheViccler the Chopper (Hill Orc Berserker)         Turns: 1071, Time: 00:29:36

Health: -9/33      AC:  5    Str: 21    XL:     3   Next: 16%
Magic:  12/12      EV: 11    Int:  7    God:    Trog [*.....]
Gold:   51         SH:  0    Dex: 10    Spells: 2/2 levels left

rFire   . . .        e - +0 mace
rCold   . . .        (no shield)
rNeg    . . .        g - +0 leather armour
rPois   .            (no helmet)
rElec   .            o - +1 cloak
rCorr   .            (no gloves)
SInv    .            (no boots)
Will    .....        (no amulet)
Stlth   +            d - ring of magical power
HPRegen 0.25/turn    (no ring)
MPRegen 0.13/turn

%: no passive effects
@: no status effects
A: no striking features
a: Renounce Religion, Berserk


You were on level 2 of the Dungeon.
You worshipped Trog.
Trog was aware of your devotion.
You visited 1 branch of the dungeon, and saw 2 of its levels.

You collected 51 gold pieces.

Inventory:

Hand Weapons
 a - a +0 hand axe
 e - a +0 mace (weapon)
 i - a +0 dagger
Missiles
 k - 5 boomerangs (quivered)
Armour
 b - a +0 animal skin
 g - a +0 leather armour (worn)
 o - a +1 cloak (worn)
Jewellery
 d - a ring of magical power (left hand)
Scrolls
 c - a scroll of identify
 h - a scroll of fear
 j - a scroll of teleportation
 n - 2 scrolls of fog
Potions
 f - a potion of berserk rage
 l - a potion of magic {unknown}


   Skills:
 - Level 3.8 Fighting
 - Level 4.4(4.5) Axes
 + Level 0.4(2.2) Maces & Flails
 + Level 2.8 Armour
 + Level 1.7 Dodging
 + Level 0.6 Stealth


You had 2 spell levels left.
You didn't know any spells.
Your spell library was empty.

Dungeon Overview and Level Annotations

Branches:
Dungeon (2/15)

Altars:


Message History

You hit the gnoll.
The gnoll is severely wounded.
The gnoll closely misses you.
You hit the gnoll.
You kill the gnoll!
Trog accepts your kill.
You have reached level 3!
Your experience leads to an increase in your attributes!
Increase (S)trength, (I)ntelligence, or (D)exterity?
Uppercase letters only, please.
You feel stronger. x2
A gnoll comes into view. It is wielding a +0 halberd.
Things that are here:
a +0 club; a gnoll corpse You see here a hobgoblin corpse.
A gnoll is nearby!
The gnoll shouts!
A gnoll is nearby!
A gnoll is nearby!
You see here 7 stones.
Throw: 5 boomerangs
Press: ? - help, Q - select action Shift-Dir - straight line, f - gnoll
Aim: a gnoll, wielding a +0 halberd (56% to hit)
You throw a boomerang. The boomerang hits the gnoll.
The gnoll is moderately wounded.
Throw: 5 boomerangs
Press: ? - help, Q - select action Shift-Dir - straight line, f/p - gnoll
Aim: a gnoll, wielding a +0 halberd (moderately wounded, 56% to hit)
You throw a boomerang. The boomerang hits the gnoll.
The gnoll is heavily wounded.
The gnoll misses you. The gnoll barely misses you.
You hit the gnoll but do no damage.
The gnoll is heavily wounded.
The gnoll hits you with a +0 halberd! x2
* * * LOW HITPOINT WARNING * * *
You barely miss the gnoll.
The gnoll is heavily wounded.
The gnoll hits you with a +0 halberd!
You die...

########## ###.........
#....<.##### #.#.##.#
########## #.#.##.#
#....g@..# #.#.##.#
#...####.###.#....#####
#...##.......##.......#
#......#.######.......#
#..####...............+
#........######.......#
#.#.g..#......'.......#
###...##.########.......#
#<#>.....................


You could see a gnoll.

Vanquished Creatures
  A gnoll (D:2)
  2 dart slugs (D:1)
  A bat (D:1)
  An endoplasm (D:1)
  A goblin (D:1)
  2 hobgoblins (D:2)
  2 quokkas (D:1)
  A ball python (D:1)
  2 frilled lizards (D:1)
  3 rats (D:1)
16 creatures vanquished.

Notes
Turn   | Place    | Note
-------+----------+-------------------------------------------
     0 | D:1      | TheViccler the Hill Orc Berserker began the quest for the
                  | Orb.
     0 | D:1      | Reached XP level 1. HP: 19/19 MP: 1/1
   287 | D:1      | Reached XP level 2. HP: 19/27 MP: 2/2
  1033 | D:2      | Reached XP level 3. HP: 12/33 MP: 3/3
  1071 | D:2      | Mangled by a gnoll

Illustrated notes

Levels and vault maps discovered:
D:1:      denvon_arrival_planthouse, layout_basic, minmay_tiny_reverse_x
D:2:      layout_basic, basic_altar, moated_statue

Action                     || total
---------------------------++-------
  Melee: Hand axe          ||    30
         Mace              ||    33
  Throw: Boomerang         ||     3
 Invoke: Berserk           ||     2
    Use: Scroll            ||     5
         Potion            ||     2
 Armour: Leather armour    ||    25
         Animal skin       ||     4
  Dodge: Dodged            ||    27

Table legend: (Time is in decaauts)
 A = Elapsed time spent in this place.
 B = Non-inter-level travel time spent in this place.
 C = Inter-level travel time spent in this place.
 D = Time resting spent in this place.
 E = Time spent auto-exploring this place.
 F = Levels seen in this place.
 G = Mean time per level.
                   A        B        C        D        E       F      G
               +--------+--------+--------+--------+--------+-----+--------+
         Total |   1112 |    326 |    786 |      0 |     74 |   2 |  556.0 |
       Dungeon |   1112 |    326 |    786 |      0 |     74 |   2 |  556.0 |
               +--------+--------+--------+--------+--------+-----+--------+

Top non-repeatable levels by time:
     D:1: 967 daAuts
     D:2: 145 daAuts
